 Dungeon Crawl Stone Soup version 0.26.1-2-gb8aa6d0cf2 (webtiles) character file.

Game seed: 17747521965982033835

7357 H0rd4k the Slicer (level 11, -12/81 HPs)
             Began as a Human Artificer on Feb 16, 2021.
             Was an Initiate of Gozag.
             Splashed by a centaur's acid (14 damage)
             ... on level 10 of the Dungeon.
             The game lasted 00:22:26 (16025 turns).

H0rd4k the Slicer (Human Artificer)                Turns: 16025, Time: 00:22:26

Health: -12/81     AC:  6    Str: 14    XL:     11   Next: 35%
Magic:  20/20      EV: 13    Int: 14    God:    Gozag
Gold:   1341       SH:  5    Dex: 13    Spells: 10/10 levels left

rFire    . . .     SeeInvis +   C - +1 long sword (vorpal)
rCold    + . .     Faith    .   (no shield)
rNeg     . . .     Spirit   .   H - +2 ring mail {rC+}
rPois    .         Reflect  +   (no helmet)
rElec    .         Harm     .   c - +2 cloak
rCorr    .         Rampage  .   n - +2 pair of gloves
Will     .....                  (no boots)
Stlth    ++........             g - amulet of reflection
HPRegen  0.23/turn              x - ring of see invisible
MPRegen  0.17/turn              u - ring of magical power

@: corroded, gold aura
A: no striking features
a: Renounce Religion, Potion Petition, Call Merchant, Bribe Branch


You were on level 10 of the Dungeon.
You worshipped Gozag.
Gozag was most pleased with you.
You visited 2 branches of the dungeon, and saw 11 of its levels.

You collected 1955 gold pieces.
You spent 549 gold pieces at shops.
You paid 65 gold pieces to Gozag.

Inventory:

Hand Weapons
 v - a +1 rapier of protection
 C - a +1 vorpal long sword (weapon)
 F - a +3 dagger of venom
Missiles
 w - 59 poisoned darts
Armour
 c - a +2 cloak (worn)
 n - a +2 pair of gloves (worn)
 G - a +2 robe of willpower
 H - a +2 ring mail of cold resistance (worn)
 L - the +1 scale mail of the Bells {Dex+4}
   (You bought it in a shop on level 9 of the Dungeon)

   It affects your dexterity (+4).
 O - the -3 pair of gloves "Qetae" {Dex+4}
   (You bought it in a shop on level 9 of the Dungeon)

   It affects your dexterity (+4).
Magical Staves
 D - an uncursed staff of death
Jewellery
 g - an amulet of reflection (around neck)
 p - an uncursed amulet of guardian spirit
 u - a ring of magical power (right hand)
 x - a ring of see invisible (left hand)
 y - a +6 ring of dexterity
Wands
 d - a wand of enslavement (13)
 e - a wand of random effects (17)
 J - a wand of polymorph (6)
 M - a wand of iceblast (10)
 P - a wand of digging (6)
Scrolls
 b - a scroll of identify
 f - 3 scrolls of magic mapping
 i - 4 scrolls of amnesia
 m - 2 scrolls of remove curse
 o - 2 scrolls of fear
 q - 6 scrolls of teleportation
 t - a scroll of blinking {unknown}
 z - a scroll of fog {unknown}
 A - a scroll of random uselessness {unknown}
 E - a scroll of enchant armour {unknown}
 I - a scroll of noise {unknown}
 K - a scroll of silence {unknown}
Potions
 a - 2 potions of ambrosia
 h - 3 potions of degeneration
 j - 3 potions of brilliance
 k - 3 potions of attraction
 l - 2 potions of curing {unknown}
 r - a potion of heal wounds
 s - 4 potions of lignification
 B - 2 potions of flight
 N - 2 potions of resistance


   Skills:
 + Level 5.8 Fighting
 * Level 10.4(11.0) Short Blades
 + Level 5.6(8.8) Long Blades
 - Level 5.1 Armour
 + Level 6.1 Dodging
 + Level 4.9 Stealth
 + Level 3.0 Shields
 + Level 4.6 Evocations


You had 10 spell levels left.
You didn't know any spells.
Your spell library contained the following spells:

 Spells                   Type           Power        Failure   Level
 Magic Dart               Conj           0%           50%         1
 Blink                    Tloc           N/A          63%         2
 Call Imp                 Summ           0%           63%         2
 Slow                     Hex            0%           63%         2
 Conjure Flame            Conj/Fire      0%           86%         3
 Mephitic Cloud           Conj/Pois/Air  0%           86%         3


Dungeon Overview and Level Annotations

Branches:
Dungeon (10/15)            Temple (1/1) D:4            Lair (0/6) D:9
    Orc (0/2) D:9

Altars:
Ashenzari
Cheibriados
Dithmenos
Elyvilon
Fedhas
Gozag
Kikubaaqudgha
Makhleb
Nemelex Xobeh
Okawaru
Qazlal
Ru
Sif Muna
Trog
Uskayaw
Vehumet
Wu Jian
Xom
Yredelemnul
Zin
The Shining One

Shops:
D:9 **}}

Annotations:
D:3 exclusion: oklob plant
D:4 1 runed translucent door, exclusion: door, Crazy Yiuf
D:10 Sonja


Message History

The troll claws you. x2
You slash the troll!
The troll is almost dead.
The troll closely misses you. The troll claws you!
The troll claws you but does no damage.
You hit the troll.
The troll is almost dead.
The troll barely misses you. x2; The troll claws you.
You slash the troll!
You kill the troll!
The centaur zaps a wand.
The bolt of acid hits you!
You are splashed with acid!
The centaur zaps a wand.
The bolt of acid hits you.
* * * LOW HITPOINT WARNING * * *
The acid corrodes you!
You are splashed with acid!
* * * LOW HITPOINT WARNING * * *
The centaur zaps a wand.
The bolt of acid hits you!
* * * LOW HITPOINT WARNING * * *
The acid corrodes you!
You are splashed with acid!
You die...
Your body crumbles into a pile of gold.

#...# #..##.#.##........####
#...# #..#.............#
#...####(...............####
#...........#....###.####<..
#....)......#.......... ####
#.$$............#.##.###
##.................#.#
#..!.......#...#.##.#
#........#@#.<.#.####
#.........c....# #
#......#.........# ####
##.....#.#...#.#.# #...
#.....#.##..#...# #####.##
#.....'.# .>.$ .# #.K...#
#.....#'#.###. . #.#####
#........... .. #.
#........... #.


You could see a centaur.

Vanquished Creatures
  Maggie (D:6)
  A kobold demonologist (D:9)
  A troll (D:10)
  Grinder (D:6)
  A yak (D:9)
  Eustachio (D:6)
  Edmund (D:5)
  A water moccasin (D:10)
  A black bear (D:9)
  An eye of draining (D:6)
  5 orc warriors
  2 ice beasts
  2 phantoms
  7 ogres
  6 centaurs
  7 bullfrogs
  11 big kobolds (D:9)
  A wyvern zombie (D:9)
  A gnoll sergeant (D:8)
  4 scorpions
  10 killer bees (D:8)
  2 howler monkeys
  13 wights
  A centaur zombie (D:3)
  3 hounds
  3 jellies
  6 orc priests
  3 orc wizards
  A centaur skeleton (D:8)
  An iguana (D:3)
  11 worker ants
  A killer bee zombie (D:8)
  A hound skeleton (D:7)
  3 worker ant zombies
  8 gnolls
  12 adders
  A shadow imp (D:5)
  2 ufetubi
  3 oozes (D:2)
  3 adder zombies
  An adder skeleton (D:4)
  8 worms
  2 dart slugs (D:3)
  6 leopard geckos
  48 orcs
  5 ball pythons
  6 giant cockroaches
  4 goblins
  6 hobgoblins
  3 jackals (D:3)
  3 quokkas
  5 bats
  10 frilled lizards
  A jackal skeleton (D:4)
  12 kobolds
  A leopard gecko skeleton (D:5)
  A quokka zombie (D:5)
  7 rats
273 creatures vanquished.

Vanquished Creatures (collateral kills)
  A gnoll (D:2)
  An orc (D:4)
  A butterfly (D:4)
3 creatures vanquished.

Vanquished Creatures (others)
  A gnoll (D:2)
  An adder (D:3)
  A kobold (D:3)
  A fungus (D:9)
  4 plants
  18 toadstools (D:3)
26 creatures vanquished.

Grand Total: 302 creatures vanquished

Notes
Turn   | Place    | Note
-------+----------+-------------------------------------------
     0 | D:1      | H0rd4k the Human Artificer began the quest for the Orb.
     0 | D:1      | Reached XP level 1. HP: 15/15 MP: 1/1
   184 | D:1      | Reached XP level 2. HP: 21/21 MP: 2/2
   331 | D:1      | Reached XP level 3. HP: 25/26 MP: 3/3
   456 | D:1      | You fall into a shaft and drop 1 floor!
   869 | D:2      | Reached XP level 4. HP: 23/32 MP: 4/4
  2569 | D:2      | Reached XP level 5. HP: 14/38 MP: 5/5
  4250 | D:3      | Reached skill level 1 in Short Blades
  4641 | D:3      | Reached XP level 6. HP: 44/44 MP: 6/6
  5000 | D:3      | Reached skill level 1 in Long Blades
  5372 | D:3      | Found a blossoming altar of Fedhas.
  5387 | D:3      | Noticed an oklob plant
  5670 | D:4      | Reached skill level 2 in Short Blades
  5679 | D:4      | Noticed an ogre
  6174 | D:4      | Noticed an ogre
  6280 | D:4      | Killed an ogre
  6281 | D:4      | Reached XP level 7. HP: 40/51 MP: 7/7
  6468 | D:4      | Found a staircase to the Ecumenical Temple.
  6478 | Temple   | Entered the Ecumenical Temple
  6567 | Temple   | Became a worshipper of Gozag Ym Sagoz the Greedy
  6974 | D:4      | Found a runed translucent door.
  6975 | D:4      | Noticed Crazy Yiuf
  7935 | D:5      | Entered Level 5 of the Dungeon
  8156 | D:5      | Noticed Edmund
  8178 | D:5      | Killed Edmund
  8179 | D:5      | Reached skill level 3 in Short Blades
  8179 | D:5      | Reached XP level 8. HP: 48/57 MP: 8/8
  8616 | D:5      | Reached skill level 4 in Short Blades
  8616 | D:5      | Reached skill level 5 in Armour
  9469 | D:6      | Reached skill level 5 in Short Blades
  9488 | D:6      | Reached XP level 9. HP: 32/63 MP: 9/9
  9885 | D:6      | Noticed Eustachio
  9922 | D:6      | Killed Eustachio
  9923 | D:6      | Reached skill level 6 in Short Blades
 10013 | D:6      | Noticed Grinder
 10016 | D:6      | Paralysed by Grinder for 2 turns
 10018 | D:6      | Killed Grinder
 10115 | D:6      | Noticed Maggie
 10135 | D:6      | Killed Maggie
 10136 | D:6      | Reached skill level 7 in Short Blades
 10852 | D:7      | Reached skill level 8 in Short Blades
 10902 | D:7      | Identified the +7 quarterstaff "Yseirogu" {freeze, rC++
                  | Will- Int+9}
 11061 | D:7      | Reached XP level 10. HP: 60/71 MP: 10/10
 11137 | D:7      | Reached skill level 5 in Dodging
 11338 | D:7      | Found a stormy altar of Qazlal.
 12121 | D:8      | Reached skill level 9 in Short Blades
 12415 | D:8      | Found a broken altar of Ashenzari.
 13210 | D:8      | Reached skill level 1 in Shields
 14077 | D:9      | Found a staircase to the Lair.
 14111 | D:9      | Reached skill level 5 in Fighting
 14111 | D:9      | Reached skill level 10 in Short Blades
 14116 | D:9      | Noticed a kobold demonologist
 14138 | D:9      | Killed a kobold demonologist
 14139 | D:9      | Reached XP level 11. HP: 79/79 MP: 11/11
 14208 | D:9      | Reached skill level 5 in Long Blades
 14454 | D:9      | Found Heskez's Assorted Antiques.
 14459 | D:9      | Bought a bronze scale mail for 198 gold pieces
 14673 | D:9      | Found Teserut's Gadget Shop.
 14951 | D:9      | Found a staircase to the Orcish Mines.
 15009 | D:9      | Found Wentakhloimn's Gadget Emporium.
 15085 | D:9      | Found Nigul's Assorted Antiques.
 15095 | D:9      | Bought a pair of bloodstained gloves for 351 gold pieces
 15106 | D:9      | Identified the -3 pair of gloves "Qetae" {Dex+4} (You
                  | bought it in a shop on level 9 of the Dungeon)
 15116 | D:9      | Identified the +1 scale mail of the Bells {Dex+4} (You
                  | bought it in a shop on level 9 of the Dungeon)
 15326 | D:10     | Entered Level 10 of the Dungeon
 15347 | D:10     | Noticed Sonja
 16025 | D:10     | HP: 2/81 [centaur/bolt of acid (9)]
 16025 | D:10     | Splashed by a centaur's acid

Illustrated notes

Levels and vault maps discovered:
D:1:      tarquinn_simple_flora_water_f, layout_basic
D:2:      layout_loops_corners, serial_forest, infiniplex_forest_clump_curved,
          infiniplex_forest_straight_5, infiniplex_forest_split,
          infiniplex_forest_zigzag_2, infiniplex_forest_lined_3_way
D:3:      mumra_celtic_spiral_tile, layout_basic, grunt_ministairs_13,
          tgw_fedhas
D:4:      layout_basic, minmay_temple_entry_butterflies, grunt_ministairs_5,
          minmay_starry_boxes, uniq_crazy_yiuf_cottage
D:5:      layout_loops_cross, uniq_edmund
D:6:      layout_gridville, uniq_eustachio, uniq_grinder, uniq_maggie
D:7:      layout_loops_cross, kennysheep_mini
D:8:      layout_basic, serial_bayou_pond_d, ashenzari_altar_1
D:9:      layout_loops_corners, grunt_lair_entry_orc_guard_hut,
          hiddenorc1_lemuel, serial_shops, shop_statue,
          nicolae_shop_competitors_out_of_business, nicolae_shop_waterfront,
          shop, special_room [special_room_kobold]
D:10:     layout_basic, uniq_sonja
Temple:   regret_index_temple_sigil_plot

Skill      XL: |  1  2  3  4  5  6  7  8  9 10 11 |
---------------+----------------------------------+-----
Armour         | 3 4 5 |  5.1
Evocations     | 4 |  4.6
Fighting       | 2 3 4 5 |  5.8
Short Blades   | 1 2 3 5 8 10 | 10.4
Long Blades    | 2 3 4 5 |  5.6
Dodging        | 2 3 4 5 6 |  6.1
Stealth        | 2 3 4 |  4.9
Shields        | 2 3 |  3.0

Action                   |  1- 3 |  4- 6 |  7- 9 | 10-12 || total
-------------------------+-------+-------+-------+-------++-------
Melee: Club              |    82 |   235 |       |       ||   317
       Short sword       |       |    59 |       |       ||    59
       Long sword        |       |   114 |    29 |   165 ||   308
       Dagger            |       |       |   479 |   552 ||  1031
Evoke: Wand              |     8 |    22 |     8 |     3 ||    41
  Use: Scroll            |       |       |    12 |    10 ||    22
       Potion            |       |       |       |     1 ||     1
 Stab: Sleeping          |     1 |       |       |     6 ||     7
       Paralysed         |       |     4 |       |       ||     4
       Distracted        |       |       |     1 |     3 ||     4
Armor: Leather armour    |     7 |       |       |       ||     7
       Scale mail        |    35 |   248 |    29 |       ||   312
       Ring mail         |       |       |   165 |   158 ||   323
Dodge: Dodged            |    44 |   268 |   202 |   245 ||   759
Block: Other             |       |       |       |   100 ||   100
       Reflection        |       |       |       |     5 ||     5
       Rpst.: Long sword |       |    24 |     2 |    27 ||    53
